 Dungeon Crawl Stone Soup version bcrawl-1.41 (webtiles) character file.

Game seed: 18041088894708843738

15345855 Artagas the Slayer (level 27, 299/302 HPs)
             Began as a Demonspawn Monk on Apr 6, 2024.
             Was the Champion of Ashenzari.
             Escaped with the Orb
             ... and 3 runes on Apr 9, 2024!
             The game lasted 03:33:04 (63860 turns).

Artagas the Slayer (Demonspawn Monk)               Turns: 63860, Time: 03:33:04

Health: 299/302    AC: 37    Str: 33    XL:     27
Magic:  38/38      EV: 27    Int: 17    God:    Ashenzari [******]
Gold:   7808       SH:  0    Dex: 15    Spells: 3/47 levels left

rFire    + . .     GDR:     38% p - +8 frozen axe "Frostbite" {freezing cloud, *Noise +Fly rC+} (curse)
rCold    + + .     SeeInvis +   (shield currently unavailable)
rNeg     + . .     Gourm    .   (armour currently unavailable)
rPois    ∞         Faith    .   (helmet unavailable)
rElec    +         Spirit   .   B - +2 cloak {+Inv} (curse)
rCorr    .         Reflect  .   (gloves unavailable)
MR       ++++.     Clarity  +   (boots unavailable)
Stlth    ++........             X - amulet of magic regeneration (curse)
HPRegen  1.00/turn              i - ring of the Realms {rElec rC+ MR++ Str+9 Dex-3} (curse)
MPRegen  0.82/turn              n - +6 ring of protection (curse)

@: mighty, statue-form, hasted (expiring), studying Unarmed Combat
A: antennae 3, claws 3, hooves 3, clarity, deformed body, deterioration 1, fire
resistance 1, hurl hellfire, foul stench 2, nightstalker 3, powered by death 3,
regeneration 1, screaming 2, strong 1, no potion heal 2, rot immunity, flame
cloud immunity, subdued magic 1
0: Orb of Zot
}: 3/15 runes: decaying, barnacled, silver
a: Hurl Hellfire, End Transformation, Curse Item, Scrying, Transfer Knowledge,
Renounce Religion, Evoke Invisibility, Evoke Flight


You escaped.
You worshipped Ashenzari.
Ashenzari was exalted by your worship.
You were not hungry.
You were a stone statue.
You visited 10 branches of the dungeon, and saw 43 of its levels.
You also visited: Sewer, Ossuary, Gauntlet and Ice Cave.

You collected 9156 gold pieces.
You spent 1348 gold pieces at shops.

Inventory:

Hand Weapons
 p - the cursed +8 frozen axe "Frostbite" (weapon) {freezing cloud, *Noise +Fly rC+}
   (You acquired it on level 1 of the Swamp)

   It has been specially enchanted to freeze those struck by it, increasing
   damage dealt by approximately one third against foes not resistant or
   susceptible to cold, and potentially slowing cold-blooded foes.
   It protects you from cold.
   It lets you fly.
   It may make noises in combat.
   It has a curse placed upon it.
Missiles
 l - 810 poisoned tomahawks
 t - 6 throwing nets {=f}
 G - 283 javelins (quivered)
 L - 215 javelins of penetration {=f}
Armour
 B - a cursed +2 cloak of invisibility (worn)
   (You took it off Nikola on level 3 of the Shoals)
 Y - cursed +0 steam dragon scales (melded)
   (You found it on level 7 of the Dungeon)
Jewellery
 i - the cursed ring of the Realms (left claw) {rElec rC+ MR++ Str+9 Dex-3}
   (You acquired it on level 2 of the Spriggan Forest)

   [ring of insulation]

   It affects your strength (+9).
   It affects your dexterity (-3).
   It protects you from cold.
   It insulates you from electricity.
   It affects your resistance to hostile enchantments.
   It has a curse placed upon it.
 k - an uncursed ring of resist corrosion
   (You took it off a draconian annihilator on level 5 of the Realm of Zot)
 n - a cursed +6 ring of protection (right claw)
   (You found it on level 12 of the Dungeon)
 V - a +6 amulet of reflection
   (You found it on level 9 of the Dungeon)
 X - a cursed amulet of magic regeneration (around neck)
   (You found it on level 12 of the Dungeon)
Wands
 b - a wand of clouds (20)
   (You found it on level 2 of the Vaults)
 m - a wand of charming (5)
   (You took it off Bai Suzhen on level 3 of the Spriggan Forest)
 o - a wand of paralysis (31)
   (You found it on level 1 of the Shoals)
 v - a wand of digging (27)
   (You found it on level 2 of the Dungeon)
 E - a wand of disintegration (13)
   (You found it on level 1 of the Crypt)
 H - a wand of scattershot (1)
   (You found it on level 5 of the Dungeon)
 P - a wand of acid (16)
   (You found it on level 1 of the Spriggan Forest)
 S - a wand of iceblast (16)
   (You bought it in a shop on level 1 of the Vaults)
Scrolls
 f - 3 scrolls of fear
 u - 8 scrolls of immolation
 x - 5 scrolls of summoning
 y - 21 scrolls of remove curse
 z - 10 scrolls of blinking
 D - 9 scrolls of fog
 O - 3 scrolls of silence
 Z - 18 scrolls of teleportation
Potions
 a - 6 potions of cancellation
 d - 8 potions of might
 g - 5 potions of resistance
 h - 2 potions of haste
 j - 5 potions of ambrosia
 q - 24 potions of curing
 r - a potion of magic
 s - 5 potions of agility
 w - 9 potions of heal wounds
 A - 11 potions of flight
 C - 6 potions of mutation
 F - 5 potions of lignification
 I - 3 potions of invisibility
 J - a potion of berserk rage
 R - 5 potions of brilliance
Miscellaneous
 c - a lightning rod (4/4)
   (You found it on level 3 of the Spriggan Forest)
 M - a sack of spiders
   (You found it on level 3 of the Shoals)
 Q - 2 phantom mirrors
 T - a fan of gales (2/2)
   (You found it on level 3 of the Swamp)
 U - a lamp of fire
   (You found it on level 3 of the Spriggan Forest)
 W - a phial of floods
   (You found it on level 3 of the Spriggan Forest)
Comestibles
 e - 59 rations {!d}


   Skills:
 + Level 22.9(26.8) Fighting
 + Level 21.4(25.6) Axes
 - Level 12.4(17.4) Throwing
 - Level 9.8(15.0) Armour
 + Level 16.2(20.9) Dodging
 - Level 2.0(5.8) Stealth
   Level 3.1(7.7) Shields
 - Level 10.9(16.0) Spellcasting
 - Level 3.4(8.0) Conjurations
 - Level 6.6(12.0) Charms
 - Level 14.4(19.0) Necromancy
 - Level 12.1(17.2) Transmutations
 - Level 12.1(17.2) Earth Magic
 - Level 12.1(17.0) Poison Magic
   Level 2.6(6.5) Invocations
 + Level 14.8(19.5) Evocations


You had 3 spell levels left.
You knew the following spells:

 Your Spells              Type           Power        Failure   Level  Hunger
a - Statue Form           Tmut/Erth      ######...    1%          6    ##.....
b - Borgnjor's Vile Clut  Necr/Erth      ######....   1%          6    ##.....
c - Blight                Necr/Pois      ######...    1%          7    ####...
d - Regeneration          Chrm/Necr      ######....   0%          3    None
e - Death Channel         Chrm/Necr      ######....   1%          6    ##.....
f - Passwall              Tmut/Erth      ######..     0%          2    None
g - Lee's Rapid Deconstr  Erth           ######....   1%          5    None
h - Yara's Violent Unrav  Hex/Tmut       ####......   1%          4    None
i - Irradiate             Conj/Tmut      #####.....   1%          5    None

Your spell library contained the following spells:

 Spells                   Type           Power        Failure   Level  Hunger
 Beastly Appendage        Tmut           ######       0%          1    None
 Sandblast                Erth           ######       0%          1    None
 Sting                    Conj/Pois      ####         0%          1    None
 Corpse Rot               Necr           N/A          0%          2    None
 Sticks to Snakes         Tmut           ######..     0%          2    None
 Sublimation of Blood     Necr           ######....   0%          2    None
 Spider Form              Tmut/Pois      ###          0%          3    None
 Magic Dart               Conj           ####         1%          1    None
 Poisonous Vapours        Pois/Air       ####..       1%          2    None
 Searing Ray              Conj           ####....     1%          2    None
 Swiftness                Chrm/Air       ####....     1%          2    None
 Conjure Flame            Conj/Fire      ###.....     1%          3    None
 Dazzling Orbs            Conj/Hex       ###....      1%          3    None
 Iskenderun's Mystic Bla  Conj           ####....     1%          3    None
 Mephitic Cloud           Conj/Pois/Air  ####....     1%          3    None
 Stone Arrow              Conj/Erth      #####.       1%          3    None
 Apportation              Tloc           ##....       3%          1    None
 Blink Other              Tloc           ##....       3%          1    None
 Slow                     Hex            ##......     3%          1    None
 Static Discharge         Air            ##....       3%          1    None
 Blink                    Tloc           N/A          5%          2    None
 Call Imp                 Summ           ##....       5%          2    None
 Beckoning                Tloc           ##........   12%         3    None
 Call Canine Familiar     Summ           ##......     12%         3    None
 Confuse                  Hex            ##......     12%         3    None
 Portal Projectile        Tloc           ##....       12%         3    None
 Recall                   Summ/Tloc      N/A          12%         3    None
 Agony                    Necr           ######..     0%          4    None
 Animate Dead             Necr           N/A          0%          4    None
 Ice Form                 Ice/Tmut       ####....     1%          4    None
 Petrify                  Tmut/Erth      ######....   1%          4    None
 Blade Hands              Tmut           ######....   1%          5    None
 Bolt of Draining         Conj/Necr      #####.....   1%          5    None
 Dispel Undead            Necr           ######..     1%          5    None
 Dragon Form              Tmut           ######.      2%          7    ####...
 Bolt of Magma            Conj/Fire/Erth ####......   3%          5    None
 Iron Shot                Conj/Erth      #####.....   3%          6    ##.....
 Poison Arrow             Conj/Pois      #####.....   3%          6    ##.....
 Fulminant Prism          Conj/Hex       ###.......   7%          4    None
 Lightning Bolt           Conj/Air       ###.....     7%          4    None
 Simulacrum               Ice/Necr       #####...     12%         6    ##.....
 Fireball                 Conj/Fire      ###.......   21%         5    None
 Airstrike                Air            ##........   36%         4    None
 Cause Fear               Hex            ##........   36%         4    None
 Deflect Missiles         Chrm/Air       ####......   47%         6    ##.....
 Freezing Cloud           Ice/Air        ##......     73%         5    None
 Metabolic Englaciation   Hex/Ice        ##........   73%         5    None
 Silence                  Hex/Air        ##........   73%         5    None
 Summon Demon             Summ           ##........   73%         5    None
 Summon Forest            Summ/Tloc      ##........   73%         5    None
 Summon Lightning Spire   Summ/Air       ##......     73%         5    None
 Summon Mana Viper        Hex/Summ       ##......     73%         5    None
 Bolt of Cold             Conj/Ice       ###.......   77%         6    ##.....
 Bolt of Fire             Conj/Fire      ###.......   77%         6    ##.....
 Conjure Ball Lightning   Conj/Air       ###.......   77%         6    ##.....
 Shatter                  Erth           ######....   98%         9    #######
 Aura of Abjuration       Summ           ##........   100%        6    ##.....
 Darkness                 Hex            ##........   100%        6    ##.....
 Dispersal                Tloc           ##........   100%        6    ##.....
 Invisibility             Hex            ##......     100%        6    ##.....
 Ozocubu's Refrigeration  Ice            ##........   100%        6    ##.....
 Controlled Blink         Tloc           ##......     100%        7    ####...
 Icicle Burst             Conj/Ice       ###.......   100%        7    ####...
 Mana Rupture             Conj/Hex       ###.......   100%        7    ####...
 Shadow Creatures         Summ           N/A          100%        7    ####...
 Summon Fire Elementals   Fire/Summ      ##.......    100%        7    ####...
 Chain Lightning          Conj/Air       ###.......   100%        8    ######.
 Tornado                  Tloc/Air       ##........   100%        8    ######.
 Dragon's Call            Summ           ##........   100%        9    #######
 Fire Storm               Fire           ##........   100%        9    #######
 Passage of Golubria      Tloc           Unusable     N/A         5    N/A

Dungeon Overview and Level Annotations

Branches:
Dungeon (12/12)            Temple (0/1) D:7            Lair (6/6) D:7
  Swamp (3/3) Lair:2       Shoals (3/3) Lair:4        Slime (0/5) Orc
    Orc (1/1) D:11         Vaults (3/3) D:12         Forest (3/3) Lair:6
  Crypt (2/2) Vaults:2       Tomb (0/3) Crypt:2      Depths (5/5) D:12
    Zot (5/5) Depths:5

Altars:
Ashenzari
Cheibriados
Dithmenos
Gozag
Kikubaaqudgha
Lugonu
Makhleb
Okawaru
Qazlal
Ru
Sif Muna
Trog
Uskayaw
Wu Jian
Xom
Yredelemnul
Jiyva

Shops:
D:4 ?   Orc =%*[   Vaults:1 }}=   Vaults:2 %

Portals:
Hell: Lair:6 Depths:1 Depths:2 Depths:3 Depths:4 Depths:5
Abyss: Depths:1 Depths:2 Depths:3 Depths:4
Pandemonium: Depths:1 Depths:3
Ziggurat: Depths:1

Annotations:
D:8 3 runed doors
Depths:2 1 runed door


Innate Abilities, Weirdness & Mutations

You have a pair of large antennae on your head. (SInv)
You have claws for hands.
You have hooves in place of feet.
Your flesh is heat resistant. (rF+)
You can hurl hellfire.
You frequently emit foul miasma when damaged in melee.
You are completely attuned to the shadows.
You regenerate a lot of health from kills.
You are immune to rotting.
You are immune to clouds of flame.
You possess an exceptional clarity of mind.
Armour fits poorly on your strangely shaped body.
Your body sometimes deteriorates upon taking damage.
Your natural rate of healing is unusually fast.
You sometimes yell uncontrollably at your foes.
Your muscles are strong. (Str +2)
Potions are poor at restoring your health.
Your spells are a little easier to cast, but a little less powerful.


Message History

You slice the green death like a ripe choko!!!
You freeze the green death!
The green death is almost dead.
The green death hits you but does no damage.
You carve the green death like a ham!!! You freeze the green death.
You kill the green death!
(D) Dungeon (T) Temple (L) Lair (S) Swamp (A) Shoals (M) Slime Pits (O) Orcish Mines (V) Vaults (F) Spriggan Forest (C) Crypt (W) Tomb (U) Depths (H) Hell (Z) Zot
Where to? (Enter - D:1 @ (x,y), ? - help)
There is a stone staircase leading up here.
You climb upwards.
There is a stone staircase leading down here.
There is a stone staircase leading up here.
You climb upwards.
There is a stone staircase leading down here.
You sense a monster nearby.
There is a stone staircase leading up here.
You climb upwards.
There is a stone staircase leading down here.
Things that are here:
a +0 ring mail; a +0 hand axe
(D) Dungeon (T) Temple (L) Lair (S) Swamp (A) Shoals (M) Slime Pits (O) Orcish Mines (V) Vaults (F) Spriggan Forest (C) Crypt (W) Tomb (U) Depths (H) Hell (Z) Zot
Where to? (Enter - D:1 @ (x,y), ? - help)
You are feeling hungry.
There is a stone staircase leading up here.
You climb upwards.
There is a stone staircase leading down here.
There is a stone staircase leading up here.
You climb upwards.
There is a stone staircase leading down here.
There is an open door, spattered with blood here.
You see here a +0 dagger.
You sense a monster nearby.
A daeva comes into view.
It is wielding a +5 eudemon blade of holy wrath.
The daeva shouts!
You feel yourself speed up. The daeva completely misses you. x2
You feel very mighty all of a sudden. The daeva closely misses you.
The daeva misses you. The daeva blocks your attack. x2
Casting: Regeneration (safe; 0% risk of failure)
Confirm with . or Enter, or press ? or * to list all spells.
You can't see any susceptible monsters within range! (Use Z to cast anyway.)
Casting: Regeneration (safe; 0% risk of failure)
Confirm with . or Enter, or press ? or * to list all spells.
Okay, then.
Evoke which item? (* to show all) (? for menu, Esc to quit)
Aiming: Phantom Mirror
Press: ? - help, Dir - move target cursor, f - daeva
Aim: a daeva, wielding a +5 eudemon blade of holy wrath and wearing a +0 large shield (haloed, chance to break mirror: 54%)
You reflect the daeva with the mirror, and the mirror shatters!
The daeva calls down the wrath of the Shining One upon you.
The Shining One smites you! The daeva hits you but does no damage.
The daeva completely misses you.
Your daeva hits the daeva with a +5 eudemon blade of holy wrath!
The daeva blocks your daeva's attack. The daeva blocks your attack.
You kick the daeva!!
The daeva is moderately wounded.
The daeva calls down the wrath of the Shining One upon you.
The Shining One smites you! The daeva misses you. The daeva closely misses you.
Your daeva hits the daeva but does no damage.
The daeva blocks your daeva's attack.
You slash the daeva! You freeze the daeva.
The daeva is heavily wounded.
You slice the daeva!! You freeze the daeva. Your kick misses the daeva.
The daeva is severely wounded.
The daeva is engulfed in freezing vapours.
The daeva hits you but does no damage. The daeva barely misses you.
The daeva blocks your daeva's attack.
Your daeva barely misses the daeva.
The daeva blocks your attack.
You kick the daeva!
The daeva is almost dead.
You slice the daeva!! You freeze the daeva!
You kill the daeva!
Things that are here:
a +5 eudemon blade of holy wrath; a +0 large shield You see here a +0 dagger.
Evoke which item? (* to show all) (? for menu, Esc to quit)
Aiming: Dig
Press: ? - help, Shift-Dir - straight line This square is lit by a halo and is covered in magical glow.
The rock shatters into small pieces.
Your daeva shimmers and vanishes!
Casting: Regeneration (safe; 0% risk of failure)
Confirm with . or Enter, or press ? or * to list all spells.
Aiming: Passwall (safe; 0% risk of failure)
Press: ? - help, Dir - move target cursor This square is covered in magical glow.
You begin to meditate on the wall.
You continue meditating on the barrier.
Your extra speed is starting to run out.
Magic restored.
You continue meditating on the barrier.
You finish merging with the rock.
There is a staircase leading out of the dungeon here.
You eat one of the 60 rations {!d}.
That ration really hit the spot!
The power of the Orb breaks the dimensional shunt like a soap bubble!
You have escaped!

#)..###....#...#.#..............#
...........#.#................###
...........#..................# #
...........#######............# #
#.^.###..........#............# #
#...# #.#######.##............# #
#...###.# #......÷........###
........# ####............#..
##.###### #8#.####....#{##.. #.#
#.#.#.#######.##.. ##.#
#.#...........##.. ...#
#.#.###.########.. #.##
#######.######.#######.. #.#
#.............#...)).... #.#
#######.#######.##...... ..#
#.##...##.#....... .##
#.##...##.#.......


There were no monsters in sight!

Vanquished Creatures
  3 juggernauts
  5 orbs of fire (Zot:5)
  Mara (Depths:1)
  7 ancient liches
  3 pandemonium lords
  2 Killer Klowns (Zot:5)
  Bai Suzhen (Forest:3)
  4 golden dragons
  3 caustic shrikes (Depths:5)
  4 curse toes
  Nikola (Shoals:3)
  2 rockslimes (Depths:2)
  2 electric golems (Zot:5)
  2 bone dragons
  An Orb Demon (Zot:1)
  A Brimstone Fiend (Depths:5)
  27 Orb Guardians
  16 tentacled monstrosities
  11 wendigos
  5 liches
  An Ice Fiend (Zot:4)
  2 quicksilver dragons
  2 titans
  An acid blob (shapeshifter) (Vaults:3)
  4 ancient champions
  12 death cobs
  A kraken (Shoals:2)
  5 sphinxes
  3 thorn hunters
  3 ghouls
  5 shadow dragons
  Ilsuiw (Shoals:3)
  12 frost giants
  7 draconian monks
  5 tengu reavers
  A daeva (D:1)
  An apis (Forest:1)
  7 storm dragons
  8 draconian knights
  2 balrugs
  11 fire giants
  4 war gargoyles (Vaults:3)
  4 deep elf sorcerers
  A cacodemon (Depths:1)
  3 iron dragons
  4 ghost moths (Zot:1)
  Aizul (Depths:1)
  12 vault wardens
  2 caustic shrike zombies (Crypt:2)
  A draconian shifter (Zot:1)
  3 draconian stormcallers (Zot:1)
  2 curse skulls (Crypt:2)
  9 ironheart preservers
  4 draconian annihilators
  28 stone giants
  4 spriggan defenders
  8 jiangshi
  3 elemental wellsprings
  4 draconian scorchers
  29 very ugly things
  2 eyes of devastation
  9 vampire knights
  A deep elf annihilator (Depths:2)
  A lorocyproca (D:12)
  An entropy weaver (Vaults:1)
  17 green draconians
  9 black draconians
  8 white draconians
  6 dire elephants
  A minotaur (Gauntlet)
  A spark wasp (shapeshifter) (Vaults:3)
  9 purple draconians
  5 yellow draconians
  The ghost of Murgh the Cleaver, a journeyman MiBe of Trog (Lair:4)
  12 spark wasps
  2 merfolk javelineers (Shoals:3)
  A deep elf death mage (Crypt:1)
  8 red draconians
  An eidolon (Crypt:1)
  10 ettins
  2 green deaths
  A blizzard demon (Zot:3)
  Urug (D:11)
  15 yaktaur captains
  2 crystal guardians
  10 merfolk impalers
  11 fire dragons
  A deep elf high priest (Depths:4)
  Psyche (D:11)
  6 rakshasas
  12 ice dragons
  29 vault guards
  3 alligator snapping turtles
  12 great orbs of eyes
  10 spriggan air magi
  16 hydras
  4 ghost crabs
  7 ogre magi
  A catoblepas (Lair:5)
  7 anacondas
  3 merfolk avatars
  A shadow wraith (Vaults:3)
  11 shambling mangroves
  3 death knights
  5 death yaks
  24 two-headed ogres
  11 deep troll shamans
  7 merfolk aquamancers
  12 alligators
  7 vampire magi
  5 satyrs
  A dancing weapon (Vaults:3)
  22 sea snakes
  10 spriggan berserkers
  The ghost of Wachungys the Fighter, a novice NaFi of Okawaru (D:8)
  6 deep troll earth magi
  4 sun demons
  A thrashing horror (Gauntlet)
  A titan zombie (Crypt:2)
  A fire crab (shapeshifter) (Vaults:2)
  A soul eater (Depths:3)
  3 deep elf knights
  15 deep trolls
  29 skeletal warriors
  A sixfirhy (Depths:1)
  9 hell knights
  A spark wasp zombie (Depths:1)
  A titan skeleton (Crypt:2)
  15 centaur warriors
  2 goliath frogs
  4 glowing orange brains
  2 shadow demons
  3 death drakes
  5 iron trolls
  The ghost of tronn the Covert, a novice OpAc of Ashenzari (D:8)
  17 ironheart convokers
  2 storm dragon skeletons
  A spectral hydra (Swamp:3)
  6 swamp dragons
  6 spriggan druids
  6 cyclopes
  6 flayed ghosts
  An anaconda zombie (Crypt:1)
  4 unseen horrors
  17 harpies
  A shadow dragon zombie (Crypt:2)
  A wolf spider zombie (D:11)
  4 lindwurms (Depths:5)
  5 wizards
  A cyclops (shapeshifter) (D:8)
  2 orc knights
  6 deep elf magi
  A kraken simulacrum (Shoals:3)
  9 phantasmal warriors
  2 orc sorcerers (Orc)
  4 wolf spiders
  An anaconda skeleton (Crypt:1)
  A golden dragon skeleton (Crypt:2)
  A harpy (shapeshifter) (Depths:1)
  12 necromancers
  A fire giant zombie (Crypt:2)
  3 oklob plants
  A frost giant zombie (Crypt:1)
  A shadow dragon skeleton (Crypt:2)
  22 ugly things
  An iron dragon skeleton (Crypt:1)
  6 elephants
  5 manticores
  16 fauns
  A sphinx skeleton (Vaults:2)
  A salamander (Depths:4)
  11 moths of wrath
  2 frost giant skeletons
  29 will-o'-wisps
  4 black mambas
  6 water nymphs
  17 vault sentinels
  A storm dragon simulacrum (Crypt:2)
  2 orange demons
  13 merfolk sirens
  2 ice statues (IceCv)
  18 cane toads
  A purple draconian zombie (Crypt:2)
  A white draconian zombie (Crypt:2)
  A red draconian zombie (Crypt:2)
  A hellion (Depths:5)
  5 swamp worm zombies (Swamp:3)
  A pale draconian zombie (Crypt:1)
  2 efreet
  An eye of draining (shapeshifter) (Vaults:3)
  41 yaktaurs
  8 rime drakes
  10 komodo dragons
  21 flying skulls
  6 ice devils
  5 red devils
  A tormentor (Zot:5)
  3 freezing wraiths
  2 yaktaur skeletons (Vaults:2)
  4 hellwings
  A golden dragon simulacrum (Depths:1)
  14 trolls
  21 merfolk
  2 meliai (shapeshifter)
  8 tyrant leeches
  A hydra skeleton (Crypt:2)
  39 hornets
  4 polar bears (Lair:3)
  4 hydra zombies (Swamp:3)
  A wind drake (shapeshifter) (Vaults:1)
  Grinder (D:3)
  A death drake zombie (Crypt:1)
  9 wind drakes
  5 alligator zombies (Swamp:3)
  Grum (D:8)
  A hippogriff (shapeshifter) (Depths:2)
  18 hippogriffs
  A blink frog (shapeshifter) (Vaults:2)
  A fire dragon zombie (Crypt:2)
  27 slime creatures
  29 blink frogs
  4 spectral swamp dragons (Swamp:3)
  A frost giant simulacrum (Crypt:2)
  12 bog bodies
  10 snapping turtles
  A stone giant simulacrum (Crypt:2)
  A harpy skeleton (D:11)
  A dream sheep (Lair:6)
  An alligator skeleton (Crypt:1)
  3 meliai zombies
  26 spriggans
  A vampire (D:12)
  2 deep troll skeletons (Depths:1)
  A shadow (D:10)
  5 wraiths
  A shock serpent simulacrum (Crypt:2)
  3 wyverns
  A neqoxec (Zot:1)
  A human (shapeshifter) (Vaults:3)
  An ettin skeleton (Vaults:2)
  2 hogs (shapeshifter)
  38 water elementals
  A black mamba skeleton (Crypt:1)
  Eustachio (D:6)
  5 basilisks
  3 chaos spawn
  42 yaks
  2 steam dragons
  3 hungry ghosts
  An emperor scorpion simulacrum (Crypt:2)
  6 wargs
  22 vampire mosquitoes
  A monstrous demonspawn zombie (Crypt:1)
  8 swamp worms
  3 large abominations
  6 water moccasins
  2 hydra simulacra
  A floating eye (shapeshifter) (Vaults:3)
  16 crocodiles
  8 porcupines
  A cane toad zombie (Crypt:2)
  10 hell hounds
  13 orc warriors
  9 small abominations
  3 soldier ants (D:8)
  2 floating eyes
  11 swamp drakes
  2 hornet zombies
  16 ice beasts
  5 black bears
  7 phantoms
  3 sky beasts
  A goliath frog simulacrum (Lair:4)
  9 necrophages
  24 ogres
  3 swamp dragon zombies (Swamp:3)
  19 boggarts
  A snapping turtle skeleton (Crypt:2)
  12 wolves
  A black mamba simulacrum (Lair:4)
  A blink frog skeleton (Crypt:2)
  15 bullfrogs
  5 kobold brigands
  An elf zombie (D:12)
  A gnoll sergeant (D:9)
  2 wyvern zombies (D:9)
  8 human skeletons (Vaults:2)
  6 centaurs
  4 scorpions
  A water moccasin zombie (D:8)
  A raiju zombie (Crypt:1)
  A blink frog simulacrum (Lair:4)
  11 killer bees (D:10)
  A dream sheep simulacrum (Lair:4)
  A warg skeleton (Crypt:1)
  A vampire bat (D:6)
  23 wights
  A howler monkey (D:6)
  4 electric eels
  8 orc priests
  2 crimson imps
  2 jellies
  A komodo dragon simulacrum (Lair:4)
  2 quasits
  3 human zombies (D:12)
  6 hounds
  A gnoll shaman (D:6)
  5 bullfrog skeletons
  5 orc wizards
  Terence (D:3)
  7 iguanas
  12 hell rats
  A spectral swamp drake (Swamp:3)
  17 worker ants
  A demigod skeleton (Crypt:1)
  A basilisk simulacrum (Lair:4)
  2 hound zombies (D:9)
  7 mummies
  4 worker ant zombies
  8 adders
  5 gnolls (D:9)
  2 howler monkey skeletons
  2 swamp drake zombies (Swamp:3)
  An adder (shapeshifter) (Vaults:3)
  3 shadow imps
  3 oozes
  An adder zombie (D:9)
  4 worms
  2 adder skeletons (D:8)
  4 dart slugs
  3 leopard geckos
  50 orcs
  2 spectral bats (Ossuary)
  2 ball pythons
  A bat skeleton (Crypt:1)
  4 giant cockroaches
  6 goblins
  7 hobgoblins
  A jackal (D:2)
  39 kobolds
  4 quokkas
  18 bats
  3 bat simulacra (Ossuary)
  3 frilled lizards
  4 gnoll zombies (Ossuary)
  3 goblin simulacra (Ossuary)
  2 goblin zombies (Ossuary)
  7 hobgoblin zombies
  3 kobold simulacra (Ossuary)
  13 kobold zombies (Ossuary)
  7 orc zombies
  A quokka skeleton (D:4)
  5 rats
  3 rat simulacra (Ossuary)
  3 spectral goblins (Ossuary)
  4 spectral kobolds (Ossuary)
  5 spectral rats (Ossuary)
  7 briar patches
  2 bushes (Shoals:2)
  2 fungi (Lair:5)
  13 plants
  3 tentacles (Shoals:2)
  10 withered plants
2238 creatures vanquished.

Vanquished Creatures (collateral kills)
  Sojobo (Depths:1)
  3 liches
  A tengu reaver (Depths:1)
  A vault warden (Vaults:3)
  4 very ugly things (Depths:1)
  An eye of devastation (shapeshifter) (Vaults:3)
  A vault guard (Vaults:3)
  2 hell knights (Depths:3)
  An ironheart convoker (Vaults:3)
  An ugly thing (Depths:1)
  A vault sentinel (Vaults:3)
  A yaktaur (Depths:3)
  A small abomination (Depths:1)
  A large abomination (Depths:1)
20 creatures vanquished.

Vanquished Creatures (others)
  A rockslime (Depths:2)
  An ettin (Depths:1)
  A merfolk javelineer (Shoals:3)
  An ice dragon (Shoals:2)
  A satyr (Forest:3)
  An alligator (Swamp:3)
  An orb spider (shapeshifter) (Depths:5)
  2 moths of wrath (Zot:5)
  2 will-o'-wisps (Swamp:3)
  3 yaktaurs
  A tyrant leech (Swamp:1)
  A merfolk (Shoals:3)
  A briar patch (Forest:2)
  2 bushes
  24 fungi
  82 plants
  4 tentacles
  28 withered plants (Zot:1)
157 creatures vanquished.

Grand Total: 2415 creatures vanquished

Notes
Turn   | Place    | Note
-------+----------+-------------------------------------------
     0 | D:1      | Artagas the Demonspawn Monk began the quest for the Orb.
     0 | D:1      | Reached XP level 1. HP: 18/18 MP: 3/3
   195 | D:1      | Found a shattered altar of Ashenzari.
   294 | D:1      | Reached skill level 3 in Axes
   332 | D:1      | Gained mutation: You are slightly more attuned to the
                  | shadows. [demonic ancestry]
   332 | D:1      | Reached XP level 2. HP: 22/24 MP: 5/5
  1175 | D:1      | Became a worshipper of Ashenzari the Shackled
  1175 | D:1      | Reached * piety under Ashenzari
  1175 | D:1      | Reached ** piety under Ashenzari
  1176 | D:1      | Found the cursed amulet of Vision {SInv *Curse}
  1258 | D:2      | Gained mutation: You regenerate a little health from kills.
                  | [demonic ancestry]
  1258 | D:2      | Reached XP level 3. HP: 23/29 MP: 6/6
  1458 | D:2      | Found a shimmering altar of Xom.
  1796 | D:2      | Reached skill level 4 in Fighting
  2093 | D:2      | Gained mutation: You have large cloven feet. [demonic
                  | ancestry]
  2093 | D:2      | Reached XP level 4. HP: 34/37 MP: 7/7
  2295 | D:3      | Noticed Terence
  2308 | D:3      | Killed Terence
  2367 | D:3      | Reached skill level 4 in Axes
  2469 | D:3      | Noticed Grinder
  2516 | D:3      | Killed Grinder
  2517 | D:3      | Reached skill level 5 in Fighting
  2517 | D:3      | Gained mutation: You are significantly more attuned to the
                  | shadows. [demonic ancestry]
  2517 | D:3      | Reached XP level 5. HP: 44/44 MP: 8/8
  2517 | D:3      | Reached XP level 6. HP: 51/51 MP: 9/9
  2720 | D:3      | Reached skill level 5 in Axes
  2781 | D:3      | Found an iron altar of Okawaru.
  2927 | D:3      | Found a shimmering blue altar of Sif Muna.
  3065 | D:4      | Found Miag's Magic Scroll Boutique.
  3073 | D:4      | Bought a scroll of fear for 55 gold pieces
  3073 | D:4      | Bought a scroll of teleportation for 33 gold pieces
  3238 | D:4      | Found a bloodstained altar of Trog.
  3239 | D:4      | Found a hide-covered altar of Uskayaw.
  3331 | D:4      | Found a stormy altar of Qazlal.
  3348 | D:4      | Found a shattered altar of Ashenzari.
  3396 | D:4      | Found a glowing drain.
  3400 | Sewer    | Entered a sewer
  3864 | Sewer    | Gained mutation: You have hoof-like feet. [demonic
                  | ancestry]
  3864 | Sewer    | Reached XP level 7. HP: 45/57 MP: 10/10
  4033 | Sewer    | Reached skill level 1 in Throwing
  4033 | Sewer    | Reached skill level 1 in Armour
  4033 | Sewer    | Reached skill level 3 in Dodging
  4033 | Sewer    | Reached skill level 1 in Evocations
  4078 | Sewer    | Reached *** piety under Ashenzari
  4219 | D:4      | Reached skill level 6 in Fighting
  4331 | D:4      | Bought a scroll of identify for 22 gold pieces
  4331 | D:4      | Bought a scroll of identify for 22 gold pieces
  4331 | D:4      | Bought a scroll of identify for 22 gold pieces
  4409 | D:4      | Found an opulent altar of Gozag.
  4769 | D:5      | Entered Level 5 of the Dungeon
  5182 | D:5      | Found a snail-covered altar of Cheibriados.
  5331 | D:5      | Reached skill level 6 in Axes
  5415 | D:5      | Reached XP level 8. HP: 63/65 MP: 11/11
  5490 | D:5      | Reached skill level 2 in Armour
  6055 | D:6      | Noticed a troll
  6065 | D:5      | Reached skill level 7 in Fighting
  6440 | D:6      | Found a sand-covered staircase.
  6447 | Ossuary  | Entered an ossuary
  6514 | Ossuary  | Reached skill level 3 in Armour
  6716 | Ossuary  | Reached skill level 7 in Axes
  7074 | D:6      | Reached skill level 8 in Fighting
  7200 | D:6      | Noticed Eustachio
  7218 | D:6      | Killed Eustachio
  7219 | D:6      | Reached XP level 9. HP: 68/74 MP: 12/12
  7470 | D:6      | Killed a troll
  8002 | D:6      | Reached skill level 4 in Armour
  8159 | D:7      | Reached skill level 8 in Axes
  8244 | D:7      | Reached **** piety under Ashenzari
  8272 | D:7      | Reached skill level 9 in Fighting
  8645 | D:7      | Found a shadowy altar of Dithmenos.
  8722 | D:7      | Found a staircase to the Lair.
  8837 | D:7      | Found an ornate altar of the Wu Jian Council.
  8838 | D:7      | Found an ancient bone altar of Kikubaaqudgha.
  8843 | D:7      | Found a staircase to the Ecumenical Temple.
  8918 | D:7      | Identified the cursed +0 hat "Pyorchuh" {-Cast rElec rN+
                  | Int+3}
  8968 | D:7      | Noticed a troll
  8974 | D:7      | Killed a troll
  9029 | D:7      | Gained mutation: You have hooves in place of feet. [demonic
                  | ancestry]
  9029 | D:7      | Reached XP level 10. HP: 76/84 MP: 13/13
  9074 | D:7      | Found a corrupted altar of Lugonu.
  9368 | D:8      | Reached skill level 9 in Axes
  9372 | D:8      | Reached skill level 5 in Armour
  9752 | D:8      | Found a runed gate.
  9753 | D:8      | Found a runed gate.
  9753 | D:8      | Noticed tronn's ghost (novice OpAc)
  9754 | D:8      | Found a runed gate.
  9754 | D:8      | Found a basalt altar of Yredelemnul.
  9856 | D:8      | Identified the cursed +0 robe "Ocamiat" {rF+}
  9866 | D:8      | Found a shadowy altar of Dithmenos.
  9870 | D:8      | Reached skill level 10 in Fighting
 10057 | D:8      | Noticed a cyclops
 10063 | D:8      | Killed a cyclops
 10368 | D:8      | Noticed Grum
 10370 | D:8      | Found a runed translucent gate.
 10384 | D:8      | Killed Grum
 10622 | D:8      | Found a runed translucent gate.
 10622 | D:8      | Found a runed translucent gate.
 10642 | D:8      | Noticed Wachungys's ghost (novice NaFi)
 10642 | D:8      | Identified the +9 chain mail "Yliwef" {rPois}
 10812 | Lair:1   | Entered Level 1 of the Lair of Beasts
 10835 | Lair:1   | Noticed a cane toad
 10845 | Lair:1   | Reached skill level 10 in Axes
 10845 | Lair:1   | Killed a cane toad
 10846 | Lair:1   | Reached skill level 6 in Armour
 10846 | Lair:1   | Noticed a cane toad
 10863 | Lair:1   | Reached skill level 11 in Fighting
 10867 | Lair:1   | Killed a cane toad
 10868 | Lair:1   | Gained mutation: You are immune to rotting. [demonic
                  | ancestry]
 10868 | Lair:1   | Reached XP level 11. HP: 39/93 MP: 14/14
 10872 | Lair:1   | Reached skill level 2 in Throwing
 11617 | Lair:1   | Noticed a death yak
 11624 | Lair:1   | Reached skill level 3 in Throwing
 11631 | Lair:1   | Killed a death yak
 12578 | Lair:2   | Reached skill level 4 in Dodging
 12590 | Lair:2   | Reached skill level 4 in Throwing
 13030 | Lair:2   | Found a staircase to the Swamp.
 13305 | Lair:2   | Reached skill level 11 in Axes
 13692 | Lair:3   | Found a frozen archway.
 13706 | Lair:3   | Reached skill level 12 in Fighting
 13719 | IceCv    | Entered an ice cave
 13719 | IceCv    | Noticed a white ugly thing
 13724 | IceCv    | Killed a white ugly thing
 13732 | IceCv    | Reached XP level 12. HP: 102/102 MP: 15/15
 13760 | IceCv    | Found a transporter.
 13761 | IceCv    | Reached ***** piety under Ashenzari
 13878 | IceCv    | Found a transporter.
 14076 | Lair:3   | Found a gate leading to a gauntlet.
 14083 | Gauntlet | Entered a Gauntlet
 14085 | Gauntlet | Found a transporter.
 14117 | Gauntlet | Identified the ring "Gudouptif" {+Fly rF+}
 14123 | Gauntlet | Found a transporter.
 14137 | Gauntlet | Found a transporter.
 14155 | Gauntlet | Identified the ring of the Empire {Fire rPois}
 14155 | Gauntlet | Found a transporter.
 14178 | Gauntlet | Found a transporter.
 14195 | Gauntlet | Found a transporter.
 14221 | Gauntlet | Noticed a reaper
 14222 | Gauntlet | Identified the -1 helmet "Hizxy" {+Fly}
 14222 | Gauntlet | Found a transporter.
 14222 | Gauntlet | Found a transporter.
 14228 | Gauntlet | Found a transporter.
 14228 | Gauntlet | Found a transporter.
 14788 | Gauntlet | Noticed a minotaur
 14789 | Gauntlet | Found the +9 staff of Wucad Mu {crush, +Abjure *Drain
                  | MP+20}
 14800 | Gauntlet | Killed a minotaur
 14801 | Gauntlet | Reached skill level 12 in Axes
 14947 | Lair:3   | Noticed an eight-headed hydra
 14956 | Lair:3   | Killed a nine-headed hydra
 15232 | Lair:3   | Reached skill level 13 in Fighting
 16013 | Lair:4   | Reached skill level 13 in Axes
 16321 | Lair:4   | Found a staircase to the Shoals.
 16378 | Lair:4   | Gained mutation: You have sharp fingernails. [demonic
                  | ancestry]
 16378 | Lair:4   | Reached XP level 13. HP: 108/111 MP: 16/16
 16545 | Lair:4   | Found a sacrificial altar of Ru.
 16946 | Lair:4   | Identified the Handbook of Supportive Shape Shifting
 17060 | Lair:4   | Noticed Murgh's ghost (journeyman MiBe)
 17083 | Lair:4   | Found a runed translucent gate.
 17083 | Lair:4   | Found a runed translucent gate.
 17084 | Lair:4   | Found a runed translucent gate.
 17581 | Lair:5   | Reached skill level 2 in Evocations
 17987 | Lair:5   | Reached skill level 14 in Axes
 18114 | Lair:5   | Found a bloodstained altar of Trog.
 18170 | Lair:5   | Reached skill level 1 in Spellcasting
 18177 | Lair:5   | Learned a level 6 spell: Statue Form
 18414 | Lair:5   | Reached skill level 1 in Transmutations
 18414 | Lair:5   | Reached skill level 1 in Earth Magic
 18461 | Lair:5   | Reached skill level 2 in Spellcasting
 18722 | Lair:5   | Reached skill level 2 in Transmutations
 18722 | Lair:5   | Reached skill level 2 in Earth Magic
 18939 | Lair:6   | Entered Level 6 of the Lair of Beasts
 19136 | Lair:6   | Found a staircase to the Spriggan Forest.
 19255 | Lair:6   | Reached skill level 3 in Earth Magic
 19256 | Lair:6   | Reached skill level 3 in Transmutations
 19531 | Lair:6   | Reached skill level 4 in Earth Magic
 19535 | Lair:6   | Reached skill level 4 in Transmutations
 20365 | Lair:6   | Reached skill level 5 in Earth Magic
 20550 | Lair:6   | Reached skill level 5 in Transmutations
 20585 | Lair:6   | Gained mutation: You have very sharp fingernails. [demonic
                  | ancestry]
 20585 | Lair:6   | Reached XP level 14. HP: 118/118 MP: 18/18
 21086 | Lair:6   | Reached skill level 6 in Transmutations
 21086 | Lair:6   | Reached skill level 6 in Earth Magic
 21323 | Lair:6   | Reached skill level 3 in Spellcasting
 21468 | Lair:6   | Found a large runed door.
 21469 | Lair:6   | Found a large runed door.
 22721 | D:4      | Bought a scroll of acquirement for 572 gold pieces
 22721 | D:4      | Identified the cursed scarf of Inviolability {stasis,
                  | *Corrode Str+5} (You acquired it on level 4 of the Dungeon)
 22721 | D:4      | Identified the cursed ring of Parpheseku {rPois rC+ Dex+3}
                  | (You acquired it on level 4 of the Dungeon)
 23652 | D:9      | Reached skill level 7 in Transmutations
 23947 | D:10     | Entered Level 10 of the Dungeon
 23949 | D:10     | Reached skill level 7 in Earth Magic
 24437 | D:10     | Reached ****** piety under Ashenzari
 25197 | D:11     | Reached skill level 5 in Throwing
 25224 | D:11     | Noticed Psyche
 25234 | D:11     | Killed Psyche
 25235 | D:11     | Reached skill level 4 in Spellcasting
 25395 | D:11     | Reached skill level 8 in Transmutations
 25395 | D:11     | Reached skill level 8 in Earth Magic
 25708 | D:11     | Noticed Urug
 25722 | D:11     | Killed Urug
 26045 | D:11     | Found a staircase to the Orcish Mines.
 26206 | D:12     | Entered Level 12 of the Dungeon
 26384 | D:12     | Gained mutation: You may emit foul miasma when damaged in
                  | melee. [demonic ancestry]
 26384 | D:12     | Reached XP level 15. HP: 77/124 MP: 22/22
 26411 | D:12     | Found a gate to the Vaults.
 26685 | D:12     | Found a staircase to the Depths.
 26697 | D:12     | Reached skill level 6 in Throwing
 26825 | D:12     | Reached skill level 7 in Throwing
 26907 | D:12     | Reached skill level 8 in Throwing
 27039 | D:12     | Reached skill level 9 in Throwing
 27053 | D:12     | Found a basalt altar of Yredelemnul.
 27741 | Lair:6   | Found a burning altar of Makhleb.
 28015 | Lair:6   | Found a gateway to Hell.
 28324 | Orc      | Entered the Orcish Mines
 28343 | Orc      | Reached skill level 10 in Throwing
 28360 | Orc      | Reached skill level 11 in Throwing
 28397 | Orc      | Reached skill level 12 in Throwing
 28469 | Orc      | Found Ocheiket's Food Shop.
 28480 | Orc      | Found Qeceuman's Armour Emporium.
 28508 | Orc      | Found Juygrea's Distillery.
 28508 | Orc      | Found Qootiri's General Store.
 28514 | Orc      | Bought a potion of curing for 42 gold pieces
 28519 | Orc      | Bought a potion of haste for 110 gold pieces
 28519 | Orc      | Bought a potion of cancellation for 55 gold pieces
 28519 | Orc      | Bought a potion of resistance for 110 gold pieces
 28519 | Orc      | Bought a potion of mutation for 88 gold pieces
 28519 | Orc      | Bought a potion of curing for 27 gold pieces
 28519 | Orc      | Bought a potion of curing for 27 gold pieces
 28519 | Orc      | Bought a potion of curing for 27 gold pieces
 28605 | Orc      | Reached skill level 14 in Fighting
 28746 | Orc      | Found a viscous altar of Jiyva.
 28746 | Orc      | Found a staircase to the Slime Pits.
 28821 | Orc      | Found Vinilaeda's Jewellery Emporium.
 29458 | Swamp:1  | Entered Level 1 of the Swamp
 29484 | Swamp:1  | Reached skill level 1 in Shields
 29605 | Swamp:1  | Reached skill level 2 in Shields
 29742 | Swamp:1  | Gained mutation: You have a pair of small antennae on your
                  | head. [demonic ancestry]
 29742 | Swamp:1  | Reached XP level 16. HP: 120/134 MP: 23/23
 29757 | Swamp:1  | Reached skill level 3 in Shields
 29834 | Swamp:1  | Identified the cursed +2 chain mail of Action {rElec} (You
                  | acquired it on level 1 of the Swamp)
 29835 | Swamp:1  | Found the cursed +8 frozen axe "Frostbite" {freezing cloud,
                  | *Noise +Fly rC+}
 30002 | Swamp:1  | Reached skill level 9 in Transmutations
 30084 | Swamp:1  | Reached skill level 9 in Earth Magic
 31269 | Swamp:2  | Reached skill level 10 in Transmutations
 31269 | Swamp:2  | Reached skill level 10 in Earth Magic
 31588 | Swamp:3  | Entered Level 3 of the Swamp
 31816 | Swamp:3  | Noticed a wendigo
 31820 | Swamp:3  | Killed a wendigo
 32216 | Swamp:3  | Reached skill level 11 in Transmutations
 32216 | Swamp:3  | Reached skill level 11 in Earth Magic
 32645 | Swamp:3  | Noticed a bone dragon
 32649 | Swamp:3  | Killed a bone dragon
 32762 | Swamp:3  | Got a decaying rune of Zot
 33022 | Shoals:1 | Entered Level 1 of the Shoals
 33202 | Shoals:1 | Gained mutation: You regenerate health from kills. [demonic
                  | ancestry]
 33202 | Shoals:1 | Reached XP level 17. HP: 140/140 MP: 18/24
 33369 | Shoals:1 | Reached skill level 12 in Transmutations
 33371 | Shoals:1 | Reached skill level 12 in Earth Magic
 34290 | Shoals:2 | Reached skill level 3 in Evocations
 34367 | Shoals:2 | Noticed a kraken
 34374 | Shoals:2 | Killed a kraken
 34375 | Shoals:2 | Reached skill level 4 in Evocations
 34907 | Shoals:2 | Reached skill level 5 in Evocations
 35099 | Shoals:2 | Identified the +2 animal skin "Mulosmocuff" {rPois rC-
                  | Str+9 Stlth+}
 35106 | Shoals:2 | Reached skill level 15 in Axes
 35254 | Shoals:3 | Entered Level 3 of the Shoals
 35421 | Shoals:3 | Noticed Nikola
 35666 | Shoals:3 | Learned a level 4 spell: Yara's Violent Unravelling
 35768 | Shoals:3 | Learned a level 5 spell: Lee's Rapid Deconstruction
 35783 | Shoals:3 | Noticed Ilsuiw
 35910 | Shoals:3 | Killed Nikola
 35911 | Shoals:3 | Reached skill level 16 in Axes
 35911 | Shoals:3 | Gained mutation: You have claws for hands. [demonic
                  | ancestry]
 35911 | Shoals:3 | Reached XP level 18. HP: 147/147 MP: 22/26
 36318 | Shoals:3 | Killed Ilsuiw
 36571 | Shoals:3 | Got a barnacled rune of Zot
 36938 | Shoals:3 | Identified the cursed ring of False Pretenses {Ice rN+
                  | Stlth+}
 37206 | Forest:1 | Entered Level 1 of the Spriggan Forest
 37259 | Forest:1 | Noticed a wendigo
 37295 | Forest:1 | Killed a wendigo
 37321 | Forest:1 | Reached skill level 17 in Axes
 37405 | Forest:1 | Noticed a wendigo
 37410 | Forest:1 | Killed a wendigo
 37478 | Forest:1 | Noticed a wendigo
 37522 | Forest:1 | Reached skill level 6 in Evocations
 37669 | Forest:1 | Killed a wendigo
 38100 | Forest:1 | Identified the cursed ring "Pienni Dorgh" {Str+4 Slay+3
                  | Stlth+} (You acquired it on level 1 of the Spriggan Forest)
 38100 | Forest:1 | Identified the Tome of Scorching Contamination (You
                  | acquired it on level 1 of the Spriggan Forest)
 38974 | Forest:2 | Noticed a wendigo
 38978 | Forest:2 | Killed a wendigo
 39214 | Forest:2 | Reached skill level 18 in Axes
 39571 | Forest:2 | Gained mutation: Your flesh is heat resistant. (rF+)
                  | [demonic ancestry]
 39571 | Forest:2 | Reached XP level 19. HP: 153/153 MP: 27/27
 39608 | Forest:2 | Identified the cursed +2 buckler of Exclusion {rC- MR+
                  | Str+2 Int+4} (You acquired it on level 2 of the Spriggan
                  | Forest)
 39608 | Forest:2 | Identified the cursed ring of the Realms {rElec rC+ MR++
                  | Str+9 Dex-3} (You acquired it on level 2 of the Spriggan
                  | Forest)
 40777 | Forest:3 | Entered Level 3 of the Spriggan Forest
 40777 | Forest:3 | Identified the +9 short sword of the Valley {pierce, Dex+9}
 40782 | Forest:3 | Reached skill level 5 in Dodging
 40799 | Forest:3 | Learned a level 6 spell: Borgnjor's Vile Clutch
 40802 | Forest:3 | Learned a level 2 spell: Passwall
 40876 | Forest:3 | Reached skill level 1 in Necromancy
 40920 | Forest:3 | Reached skill level 2 in Necromancy
 41003 | Forest:3 | Reached skill level 3 in Necromancy
 41039 | Forest:3 | Reached skill level 6 in Dodging
 41180 | Forest:3 | Identified the +1 robe of Negligence {rElec Regen+ Str-4
                  | Stlth+}
 41188 | Forest:3 | Noticed Bai Suzhen
 41196 | Forest:3 | Reached skill level 4 in Necromancy
 41196 | Forest:3 | Found a shimmering altar of Xom.
 41276 | Forest:3 | Killed Bai Suzhen
 41332 | Forest:3 | Reached skill level 5 in Necromancy
 41531 | Forest:3 | Reached skill level 5 in Spellcasting
 41538 | Forest:3 | Reached skill level 19 in Axes
 41538 | Forest:3 | Reached skill level 7 in Dodging
 41734 | Forest:3 | Identified the Volume of the Snowflakes and Translocation
 41779 | Forest:3 | Identified the Incunabulum of Noxious Arcane Weapons
 42388 | D:8      | Killed tronn's ghost
 42465 | D:8      | Killed Wachungys's ghost
 42469 | D:8      | Found a roughly hewn altar of Beogh.
 42470 | D:8      | Identified the +0 hat of Vexation {rElec Str+2}
 42685 | Lair:4   | Killed Murgh's ghost
 42940 | Vaults:1 | Entered Level 1 of the Vaults
 43260 | Vaults:1 | Reached skill level 6 in Necromancy
 43262 | Vaults:1 | Reached skill level 6 in Spellcasting
 43594 | Vaults:1 | Identified the +11 scimitar of Ehaath {slice, +Blink rElec
                  | rF++ rC-}
 43757 | Vaults:1 | Found Niveerod's Gadget Shop.
 43821 | Vaults:1 | Reached skill level 8 in Dodging
 43938 | Vaults:1 | Found Leotocow's Jewellery Shop.
 43983 | Vaults:1 | Gained mutation: You have a pair of antennae on your head.
                  | [demonic ancestry]
 43983 | Vaults:1 | Reached XP level 20. HP: 160/160 MP: 30/30
 44013 | Vaults:1 | Found Ilipn's Gadget Emporium.
 44019 | Vaults:1 | Bought a wand of iceblast (6) for 136 gold pieces
 44059 | Vaults:1 | Reached skill level 7 in Necromancy
 44177 | Vaults:1 | Found a glowing golden altar of the Shining One.
 44858 | Vaults:2 | Reached skill level 7 in Spellcasting
 44883 | Vaults:2 | Found a staircase to the Crypt.
 45497 | Vaults:2 | Reached skill level 9 in Dodging
 45844 | Vaults:2 | Found Pelalion's Food Shop.
 45976 | Vaults:2 | Learned a level 6 spell: Death Channel
 46135 | Depths:1 | Entered Level 1 of the Depths
 46143 | Depths:1 | Found a gateway to a ziggurat.
 46196 | Depths:1 | Reached skill level 1 in Charms
 46240 | Depths:1 | Noticed Mara
 46246 | Depths:1 | Noticed Artagas's illusion
 46246 | Depths:1 | Killed Mara
 46247 | Depths:1 | Reached skill level 2 in Charms
 46257 | Depths:1 | Reached skill level 3 in Charms
 46281 | Depths:1 | Noticed Aizul
 46287 | Depths:1 | Reached skill level 4 in Charms
 46299 | Depths:1 | Killed Aizul
 46382 | Depths:1 | Reached skill level 8 in Necromancy
 46392 | Depths:1 | Reached skill level 5 in Charms
 46434 | Depths:1 | Noticed Sojobo
 46448 | Depths:1 | Killed Sojobo
 46718 | Depths:1 | Found a bloodstained altar of Trog.
 46787 | Depths:1 | Found a one-way gate leading to the halls of Pandemonium.
 46852 | Depths:1 | Reached skill level 15 in Fighting
 46984 | Depths:1 | Reached skill level 9 in Necromancy
 46988 | Depths:1 | Reached skill level 6 in Charms
 46993 | Depths:1 | Gained mutation: You are immune to clouds of flame.
                  | [demonic ancestry]
 46993 | Depths:1 | Reached XP level 21. HP: 168/168 MP: 33/33
 47050 | Depths:1 | Found a one-way gate to the infinite horrors of the Abyss.
 47620 | Depths:2 | Reached skill level 16 in Fighting
 47693 | Depths:2 | Identified the +2 robe of Masochism {MR- Int+7}
 47790 | Depths:2 | Identified the +6 battleaxe "Roiwk" {chop, rElec rC- MR+
                  | Int+3}
 47820 | Depths:2 | Noticed a rockslime
 47820 | Depths:2 | Noticed a rockslime
 47826 | Depths:2 | Killed a rockslime
 47830 | Depths:2 | Killed a rockslime
 47847 | Depths:2 | Reached skill level 17 in Fighting
 48014 | Depths:2 | Noticed a rockslime
 48017 | Depths:2 | Killed a rockslime
 48039 | Depths:2 | Found a corrupted altar of Lugonu.
 48054 | Depths:2 | Reached skill level 10 in Dodging
 48330 | Depths:2 | Found a runed door.
 48331 | Depths:2 | Found a runed door.
 48371 | Depths:2 | Identified the +3 short sword of the Lettuce {flame, rElec
                  | rPois rN+ Int+2}
 48371 | Depths:2 | Identified the Volume of Vitriolic Execration
 48710 | Depths:3 | Reached skill level 8 in Spellcasting
 48971 | Depths:3 | Identified the +12 giant spiked club of the Big Bang
                  | {crush, -Tele rElec Dex+3}
 48983 | Depths:3 | Reached skill level 11 in Dodging
 48995 | Depths:3 | Gained mutation: You frequently emit foul miasma when
                  | damaged in melee. [demonic ancestry]
 48995 | Depths:3 | Reached XP level 22. HP: 182/182 MP: 35/35
 49029 | Depths:3 | Learned a level 7 spell: Blight
 49069 | Depths:3 | Reached skill level 1 in Poison Magic
 49249 | Depths:3 | Reached skill level 2 in Poison Magic
 49309 | Depths:3 | Reached skill level 10 in Necromancy
 49312 | Depths:3 | Reached skill level 3 in Poison Magic
 49694 | Depths:3 | Reached skill level 4 in Poison Magic
 50293 | Depths:4 | Reached skill level 5 in Poison Magic
 50298 | Depths:4 | Reached skill level 11 in Necromancy
 50414 | Depths:4 | Noticed a juggernaut
 50427 | Depths:3 | Killed a juggernaut
 50428 | Depths:3 | Reached skill level 7 in Poison Magic
 50640 | Depths:4 | Reached skill level 18 in Fighting
 50918 | Depths:4 | Found a glowing golden altar of the Shining One.
 51215 | Depths:5 | Entered Level 5 of the Depths
 51226 | Depths:5 | Noticed a juggernaut
 51241 | Depths:4 | Killed a juggernaut
 51242 | Depths:4 | Reached skill level 7 in Armour
 51242 | Depths:4 | Gained mutation: You can hurl hellfire. [demonic ancestry]
 51242 | Depths:4 | Reached XP level 23. HP: 158/192 MP: 30/36
 51317 | Depths:5 | Reached skill level 7 in Evocations
 51369 | Depths:5 | Learned a level 3 spell: Regeneration
 51437 | Depths:5 | Noticed a caustic shrike
 51438 | Depths:5 | Noticed a caustic shrike
 51440 | Depths:5 | Noticed a caustic shrike
 51445 | Depths:5 | Killed a caustic shrike
 51451 | Depths:5 | Killed a caustic shrike
 51452 | Depths:5 | Reached skill level 8 in Evocations
 51453 | Depths:5 | Killed a caustic shrike
 51670 | Depths:5 | Reached skill level 8 in Poison Magic
 51812 | Depths:5 | Reached skill level 12 in Necromancy
 51812 | Depths:5 | Reached skill level 9 in Poison Magic
 52092 | Depths:5 | Reached skill level 19 in Fighting
 52412 | Depths:5 | Noticed a golden dragon
 52419 | Depths:5 | Killed a golden dragon
 52483 | Depths:5 | Found a gate to the Realm of Zot.
 53205 | Vaults:3 | Entered Level 3 of the Vaults
 53255 | Vaults:3 | Reached skill level 10 in Poison Magic
 53258 | Vaults:3 | Reached skill level 9 in Evocations
 53287 | Vaults:3 | Gained mutation: You have a pair of large antennae on your
                  | head. (SInv) [demonic ancestry]
 53287 | Vaults:3 | Reached XP level 24. HP: 203/203 MP: 36/36
 53298 | Vaults:3 | Reached skill level 20 in Fighting
 53408 | Vaults:3 | Reached skill level 10 in Evocations
 53496 | Vaults:3 | Reached skill level 11 in Poison Magic
 53716 | Vaults:3 | Noticed a golden dragon
 53717 | Vaults:3 | a golden dragon changed into an acid blob
 53826 | Vaults:3 | Noticed a juggernaut
 53839 | Vaults:3 | Killed a juggernaut
 53840 | Vaults:3 | Reached skill level 9 in Spellcasting
 54060 | Vaults:3 | Reached skill level 10 in Spellcasting
 54099 | Vaults:3 | Identified the +7 war axe "Jeetumygg" {flame, Int+4 Dex+2}
 54100 | Vaults:3 | Identified the +7 chain mail "Bairuta" {Int+3 Dex-2}
 54103 | Vaults:3 | Identified the +5 quick blade "Logehif" {freeze, Int-3
                  | Dex+4 Stlth+}
 54121 | Vaults:3 | Reached skill level 12 in Dodging
 54291 | Vaults:3 | Learned a level 5 spell: Irradiate
 54627 | Vaults:3 | Reached skill level 1 in Conjurations
 54649 | Vaults:3 | Reached skill level 2 in Conjurations
 54839 | Vaults:3 | Got a silver rune of Zot
 54861 | Vaults:3 | Identified the Disquisition on Warped Feathers
 55119 | Vaults:3 | Identified the +1 hat of Vinlus Kutau {Str+4}
 55272 | Vaults:3 | Reached skill level 13 in Dodging
 55555 | Vaults:3 | Identified the cursed amulet of Neofig {Regen Str-5 Int+6}
                  | (You acquired it on level 3 of the Vaults)
 55555 | Vaults:3 | Identified Sigyimon's Papyrus of Transmigration (You
                  | acquired it on level 3 of the Vaults)
 55623 | Crypt:1  | Entered Level 1 of the Crypt
 55692 | Crypt:1  | Reached skill level 3 in Conjurations
 55727 | Crypt:1  | Reached XP level 25. HP: 213/213 MP: 38/38
 56433 | Crypt:2  | Entered Level 2 of the Crypt
 56467 | Crypt:2  | Reached skill level 21 in Fighting
 56491 | Crypt:2  | Reached skill level 8 in Armour
 56531 | Crypt:2  | Noticed an ancient lich
 56531 | Crypt:2  | Noticed an ancient lich
 56554 | Crypt:2  | Noticed an ancient lich
 56564 | Crypt:2  | Killed an ancient lich
 57107 | Crypt:2  | Killed an ancient lich
 57109 | Crypt:2  | Noticed an ancient lich
 57115 | Crypt:2  | Killed an ancient lich
 57116 | Crypt:2  | Reached skill level 13 in Necromancy
 57262 | Crypt:2  | Killed an ancient lich
 57400 | Crypt:2  | Found a staircase to the Tomb.
 58183 | Zot:1    | Entered Level 1 of the Realm of Zot
 58198 | Zot:1    | Reached skill level 11 in Evocations
 58254 | Zot:1    | Noticed a golden dragon
 58261 | Zot:1    | Killed a golden dragon
 58276 | Zot:1    | Reached skill level 12 in Poison Magic
 58310 | Zot:1    | Reached skill level 9 in Armour
 58400 | Zot:1    | Reached skill level 20 in Axes
 58734 | Zot:1    | Identified the +5 dagger of the World {venom, rC+ Str+4}
 58781 | Zot:1    | Gained mutation: You are completely attuned to the shadows.
                  | [demonic ancestry]
 58781 | Zot:1    | Reached XP level 26. HP: 222/222 MP: 38/38
 58854 | Zot:1    | Reached skill level 14 in Dodging
 59994 | Zot:1    | Reached skill level 14 in Necromancy
 60011 | Zot:1    | Identified the cursed +1 scale mail of the Ladybird {Int+3}
 60431 | Zot:2    | Reached skill level 12 in Evocations
 61411 | Zot:5    | Entered Level 5 of the Realm of Zot
 61505 | Zot:5    | Noticed an ancient lich
 61512 | Zot:5    | Killed an ancient lich
 61909 | Zot:5    | Noticed a Killer Klown
 61918 | Zot:5    | Killed a Killer Klown
 62519 | Zot:5    | Noticed a golden dragon
 62524 | Zot:5    | Killed a golden dragon
 62525 | Zot:5    | Reached skill level 22 in Fighting
 62630 | Zot:5    | Noticed an orb of fire
 62632 | Zot:5    | Noticed an ancient lich
 62641 | Zot:5    | Gained mutation: You occasionally shout uncontrollably at
                  | your foes. [an orb of fire]
 62648 | Zot:5    | Reached skill level 13 in Evocations
 62648 | Zot:5    | Killed an orb of fire
 62649 | Zot:5    | Reached skill level 15 in Dodging
 62767 | Zot:5    | Noticed an orb of fire
 62768 | Zot:5    | Gained mutation: Your spells are a little easier to cast,
                  | but a little less powerful. [an orb of fire]
 62771 | Zot:5    | Gained mutation: Scrolls take you a little longer to read.
                  | [an orb of fire]
 62777 | Zot:5    | Killed an orb of fire
 62823 | Zot:5    | Noticed an orb of fire
 62826 | Zot:5    | Killed an orb of fire
 62827 | Zot:5    | Gained mutation: You regenerate a lot of health from kills.
                  | [demonic ancestry]
 62827 | Zot:5    | Reached XP level 27. HP: 231/231 MP: 38/38
 62942 | Zot:5    | Killed an ancient lich
 63018 | Zot:5    | Reached skill level 21 in Axes
 63069 | Zot:5    | Noticed an orb of fire
 63074 | Zot:5    | Gained mutation: Your spells are easier to cast, but less
                  | powerful. [an orb of fire]
 63074 | Zot:5    | Gained mutation: You are clumsy. (Dex -2) [an orb of fire]
 63077 | Zot:5    | Gained mutation: You sometimes yell uncontrollably at your
                  | foes. [an orb of fire]
 63079 | Zot:5    | Gained mutation: Your body sometimes deteriorates upon
                  | taking damage. [an orb of fire]
 63080 | Zot:5    | Gained mutation: You are dopey. (Int -2) [an orb of fire]
 63081 | Zot:5    | Killed an orb of fire
 63082 | Zot:5    | Reached skill level 14 in Evocations
 63085 | Zot:5    | Noticed an ancient lich
 63092 | Zot:5    | Killed an ancient lich
 63094 | Zot:5    | Lost mutation: You are clumsy. (Dex -2) [potion of
                  | mutation]
 63094 | Zot:5    | Lost mutation: Your spells are easier to cast, but less
                  | powerful. [potion of mutation]
 63094 | Zot:5    | Gained mutation: You possess an exceptional clarity of
                  | mind. [potion of mutation]
 63095 | Zot:5    | Lost mutation: You are dopey. (Int -2) [potion of mutation]
 63095 | Zot:5    | Lost mutation: Scrolls take you a little longer to read.
                  | [potion of mutation]
 63095 | Zot:5    | Gained mutation: Potions are less effective at restoring
                  | your health. [potion of mutation]
 63095 | Zot:5    | Gained mutation: Your natural rate of healing is unusually
                  | fast. [potion of mutation]
 63095 | Zot:5    | Gained mutation: Armour fits poorly on your strangely
                  | shaped body. [potion of mutation]
 63095 | Zot:5    | Gained mutation: Your muscles are strong. (Str +2) [potion
                  | of mutation]
 63101 | Zot:5    | Got the Orb of Zot
 63107 | Zot:5    | Noticed Eridavu the pandemonium lord
 63116 | Zot:5    | Killed Eridavu the pandemonium lord
 63161 | Zot:5    | Noticed an orb of fire
 63165 | Zot:5    | Killed an orb of fire
 63168 | Zot:5    | Noticed Xyomith the pandemonium lord
 63173 | Zot:5    | Killed Xyomith the pandemonium lord
 63222 | Zot:4    | Reached skill level 16 in Dodging
 63449 | Depths:5 | Noticed Xozxoqyps the pandemonium lord
 63459 | Depths:5 | Killed Xozxoqyps the pandemonium lord
 63553 | Depths:1 | Gained mutation: Potions are poor at restoring your health.
                  | [a cacodemon]
 63860 | D:$      | Escaped with the Orb!

Skill      XL: |  1  2  3  4  5  6  7  8  9 10 11 12 13 14 15 16 17 18 19 20 21 22 23 24 25 26 27 |
---------------+----------------------------------------------------------------------------------+-----
Axes           | 3 4 5 6 7 8 10 11 13 14 16 18 19 20 21 | 21.4
Fighting       | 4 5 6 8 9 11 12 13 14 15 17 18 19 20 21 22 | 22.9
Throwing       | 1 4 5 12 | 12.4
Armour         | 1 3 4 6 7 9 |  9.8
Dodging        | 3 4 8 9 11 13 15 16 | 16.2
Evocations     | 1 2 5 6 9 10 11 13 14 | 14.8
Spellcasting   | 2 4 6 7 8 10 | 10.9
Transmutations | 5 8 11 12 | 12.1
Earth Magic    | 5 8 11 12 | 12.1
Shields        | 2 3 |  3.1
Necromancy     | 6 9 11 12 13 14 | 14.4
Charms         | 6 |  6.6
Poison Magic   | 7 10 11 12 | 12.1
Conjurations   | 3 |  3.4
Stealth        | |  2.0
Invocations    | |  2.6

Action                   |  1- 3 |  4- 6 |  7- 9 | 10-12 | 13-15 | 16-18 | 19-21 | 22-24 | 25-27 || total
-------------------------+-------+-------+-------+-------+-------+-------+-------+-------+-------++-------
Melee: Hand axe          |   160 |   139 |   622 |       |       |       |       |       |       ||   921
       Kick              |       |    16 |       |   168 |   381 |   184 |   168 |   179 |   173 ||  1269
       War axe           |       |       |       |   369 |       |       |       |       |       ||   369
       Broad axe         |       |       |       |   129 |  1155 |    20 |       |       |       ||  1304
       Executioner's axe |       |       |       |       |       |   674 |   645 |   636 |   592 ||  2547
Throw: Tomahawk          |       |    10 |    31 |   116 |    60 |   113 |    49 |   115 |       ||   494
       Javelin           |       |       |     4 |    14 |    89 |    27 |    27 |       |   141 ||   302
       Throwing net      |       |       |       |       |       |       |       |       |     4 ||     4
 Cast: Statue Form       |       |       |       |       |     3 |    16 |       |     5 |     2 ||    26
       Yara's Violent Un |       |       |       |       |       |     3 |     2 |       |       ||     5
       Borgnjor's Vile C |       |       |       |       |       |       |    39 |    16 |    26 ||    81
       Death Channel     |       |       |       |       |       |       |     3 |     3 |     1 ||     7
       Blight            |       |       |       |       |       |       |       |     6 |     9 ||    15
       Regeneration      |       |       |       |       |       |       |       |     6 |     6 ||    12
       Lee's Rapid Decon |       |       |       |       |       |       |       |       |     4 ||     4
       Irradiate         |       |       |       |       |       |       |       |       |     5 ||     5
       Passwall          |       |       |       |       |       |       |       |       |     1 ||     1
Invok: Curse Item        |       |     3 |       |     6 |     3 |     3 |       |       |     1 ||    16
       Scrying           |       |       |       |       |       |       |       |     1 |     2 ||     3
 Abil: Evoke Berserk Rag |       |       |       |    12 |     8 |       |       |       |       ||    20
       End Transformatio |       |       |       |       |     1 |     1 |       |     1 |       ||     3
       Evoke Flight      |       |       |       |       |       |     1 |       |       |       ||     1
       Evoke Invisibilit |       |       |       |       |       |       |     1 |     5 |    13 ||    19
       Stop Flying       |       |       |       |       |       |       |     1 |       |       ||     1
       Hurl Hellfire     |       |       |       |       |       |       |       |     1 |       ||     1
Evoke: Wand              |       |     1 |     2 |     1 |     1 |     4 |     1 |     1 |    14 ||    25
       Sack of spiders   |       |       |       |       |       |     1 |       |       |       ||     1
       Phial of floods   |       |       |       |       |       |       |     1 |       |       ||     1
       Lamp of fire      |       |       |       |       |       |       |       |     1 |       ||     1
       Phantom mirror    |       |       |       |       |       |       |       |       |     1 ||     1
  Use: Scroll            |     2 |     3 |    11 |    17 |    10 |     8 |     8 |     3 |     5 ||    67
       Potion            |       |     3 |       |     2 |       |     3 |     3 |     1 |    13 ||    25
 Stab: Sleeping          |    13 |     9 |    42 |    19 |    48 |    13 |    13 |     9 |     8 ||   174
       Distracted        |       |       |     1 |       |     2 |     8 |     9 |     9 |     2 ||    31
       Invisible         |       |       |       |     2 |       |       |     3 |    13 |    21 ||    39
       Confused          |       |       |       |       |       |       |     1 |     1 |     2 ||     4
       Paralysed         |       |       |       |       |       |       |       |       |     4 ||     4
       Held in net/web   |       |       |       |       |       |       |       |       |     2 ||     2
  Eat: Chunk             |     8 |     7 |    24 |    28 |    60 |    44 |    44 |    33 |    10 ||   258
       Ration            |       |       |     3 |     5 |     5 |     5 |     4 |     4 |    13 ||    39
Armor: Leather armour    |    29 |    24 |   116 |    18 |       |       |       |       |       ||   187
       Robe              |     2 |       |       |       |       |       |       |       |       ||     2
       Skin              |       |     8 |       |       |   179 |   477 |   353 |   335 |   330 ||  1682
       Steam dragon scal |       |       |       |   136 |   247 |    41 |       |       |       ||   424
Dodge: Dodged            |    93 |    92 |   321 |   439 |   970 |   825 |   626 |   675 |   814 ||  4855
Block: Buckler           |       |       |       |       |    61 |    12 |       |       |       ||    73
       Other             |       |       |       |       |       |   298 |   202 |   202 |    79 ||   781
       Reflection        |       |       |       |       |       |    12 |    27 |    15 |     1 ||    55

Levels and vault maps discovered:
D:1:      lemuel_arrival_cross, layout_basic, minmay_misc_feat_cross,
          ashenzari_altar_1
D:2:      layout_basic, lemuel_round_altar, hangedman_feature_mirror,
          grunt_ministairs_10
D:3:      layout_rooms, overflow_temple_1_default, first_ration, led_sif_pool,
          uniq_terence, uniq_grinder
D:4:      layout_rooms, old_standard_altar, nicolae_overflow_hidden_temple,
          serial_shops, nicolae_shop_stone, portal_sewer_entry_d,
          grunt_ministairs_8, feat_on_display
D:5:      layout_basic, lemuel_coloured_pillars_altar
D:6:      layout_basic, chequers_ossuary_entry_cave, serial_co_window_serial,
          co_window_paths_a, co_window_paths_a, co_window_paths_b,
          co_window_paths_a, co_window_corner_a, co_window_corner_ca,
          co_window_corner_cb, co_window_corner_b, co_window_unsneaky_path_c,
          co_window_of_opportunity_b, co_window_unsneaky_path_a,
          co_window_of_opportunity_b, co_window_paths_d, glass_columns_c,
          glass_columns_a, roderic_batcave, uniq_eustachio
D:7:      layout_loops_ring, nicolae_overflow_crystal_walls,
          grunt_dithmenos_smoke_and_mirrors,
          chequers_temple_overflow_statue_of_worship,
          minmay_temple_entry_purple_smoke, grunt_lair_entry_orc_guard_hut
D:8:      layout_basic, nicolae_yredelemnul_ghost_church, basic_altar,
          biasface_ghost_orc_armoury, hangedman_pestilent_swarm, uniq_grum
D:9:      layout_long_grid, serial_undead, serial_undead_a, serial_undead_b,
          serial_undead_f, serial_undead_b, serial_undead_d, serial_undead_d,
          serial_undead_e, serial_undead_f, serial_undead_f, serial_undead_a
D:10:     layout_rooms, grunt_decor_cap, minmay_increasing_density
D:11:     layout_gridville, david_orc_2, serial_glass, glass_columns_a,
          glass_columns_b, uniq_psyche, uniq_urug
D:12:     grunt_enter_depths_snipers, layout_loops_ring, david_vaults_2,
          lemuel_mausoleum_altar_yredelemnul, minmay_orc_keep
Lair:1:   layout_roguey, grunt_lair_large_clearing_hut, grunt_megastairs_4,
          infiniplex_staircase_pool_2
Lair:2:   layout_regular_city, skrybe_swamp_entry_bodies, beast_lair_carwin_4
Lair:3:   beast_lair_carwin_large_2, layout_cave_pods,
          portal_ice_cave_entry_ice_beasts, gauntlet_entry_generic
Lair:4:   layout_cave_pods, minmay_shoals_entry_centaurs, gammafunk_ghost_icy,
          basic_altar, serial_bayou_shore_a, infiniplex_staircase_pool,
          minmay_lair_oklob_chamber
Lair:5:   layout_cave_pods, serial_bayou_pond_e, lemuel_oklob_altar
Lair:6:   evil_forest, layout_cave_pods, grunt_forest_entry_clearing,
          st_stairs_11, serial_bayou_crossing, lemuel_fruit_fields
Swamp:1:  layout_basic_swamp, hangedman_swamp_ruin_wall, swamp_pool1,
          roderic_carrion_pond
Swamp:2:  layout_basic_swamp, nicolae_swamp_stair_fork, swamp_pool1
Swamp:3:  swamp_pestilence, layout_basic_swamp, swamp_pool4
Shoals:1: cheibrodos_shoals_three_sisters, layout_shoals,
          nicolae_shoals_siren_and_animal_friends
Shoals:2: argonaut_golden_fleece, layout_shoals,
          nicolae_shoals_kraken_intersection
Shoals:3: shoals_end_grunt_ice, layout_shoals, shoals_ilsuiw_ice, uniq_nikola
Orc:      st_orc_open, layout_caves, slime_altar_1, serial_shops, shop,
          mines5_lemuel
Vaults:1: nicolae_vaults_shelves_hall, nicolae_vaults_network_s,
          v_alt_pattern_3, v_pattern_5, st_diamondy, v_alt_pattern_1,
          vaults_room_pool, nicolae_vaults_little_squares_6, vaults_dpeg_ring,
          ontoclasm_vaults_gateway, vaults_room_hallway, layout_vaults_omnigrid,
          serial_shops, shop, shop, nicolae_shop_crystal, basic_altar
Vaults:2: ontoclasm_vaults_fault, v_misc_4, nicolae_vaults_theta,
          hangedman_vaults_trim, nicolae_vaults_mini_display_case, v_misc_11,
          vaults_room_door_ring, nicolae_vaults_sealed_display,
          grunt_vaults_funnel, vaults_room_pools, grunt_vaults_bifocal,
          minmay_crypt_entry_skeletal_spiral, layout_vaults_omnicross,
          serial_shops, shop
Vaults:3
Forest:1: layout_twisted_forest, grunt_forest_large_clearing_hut
Forest:2: layout_twisted_forest, wad_woods_road_03
Forest:3: grunt_forest_end_shrine, layout_twisted_forest
Crypt:1:  layout_gridlike, corexii_hall_statues_u, lemuel_statue_altar
Crypt:2:  david_glass_crypt, layout_gridlike, tomb_entry_forgotten_bobbens
Depths:1: layout_gridlike, enter_ziggurat_a, hangedman_decor_riveting,
          hell_entry, pan_entry, minmay_room_of_horrors,
          evilmike_spriggan_trog_shrine, uniq_sojobo, uniq_mara, uniq_aizul
Depths:2: minmay_the_grid_triangle_9x9_line_8_mashed
          [minmay_the_grid_triangle_9x9_corruption,
          minmay_the_grid_triangle_9x9_dagger,
          minmay_the_grid_triangle_9x9_alien,
          minmay_the_grid_triangle_9x9_odd_lines,
          minmay_the_grid_triangle_9x9_tough_junction,
          minmay_the_grid_triangle_9x9_zippers_horizontal,
          minmay_the_grid_triangle_9x9_from_above,
          minmay_the_grid_triangle_9x9_prize_center], layout_twisted_cross,
          amcnicky_mini_pool_small, pf_coc_iceberg, abyss_entry_flame_altar,
          serial_bayou_shore_b
Depths:3: hangedman_arch_fort, layout_long_grid, minmay_misc_feat_hallway,
          rand_demon_pan_entry_7, pf_hell_entry_tar_spiral,
          hangedman_abyss_entry_splay, serial_bayou_shore_b,
          minmay_staircase_bubble
Depths:4: minmay_curly_fans, layout_cave_pools, abyss_entry_small_statue_room,
          hell_entry, tso_altar, minmay_staircase_windowed_large
Depths:5: lemuel_castle_with_subvaults [lemuel_castle_interior_original],
          layout_cave_shapes, hellmouth_1, minmay_misc_feat_four_crosses
Zot:1:    bobbens_index_wilting_gardens, layout_basic,
          regret_index_zotdec_obsidian_hm
Zot:2:    nicolae_moth_party, layout_onion, regret_index_zotdec_wing_it,
          grunt_megastairs_5
Zot:3:    layout_onion_interference, regret_index_zotdec_dark_gr,
          lemuel_baited_zot_trap
Zot:4:    kennysheep_bubbly, layout_misc_corridors, ebering_ghost_disaster_area,
          regret_index_zotdec_carving_tricks
Zot:5:    layout_misc_corridors

Table legend:
 A = Turns spent in this place as a percentage of turns spent in the entire game.
 B = Non-inter-level travel turns spent in this place as a percentage of non-inter-level travel turns spent in the entire game.
 C = Inter-level travel turns spent in this place as a percentage of turns spent in this place.
 D = Turns resting spent in this place as a percentage of non-inter-level travel turns spent in this place.
 E = Turns spent auto-exploring this place as a percentage of non-inter-level travel turns spent in this place.
 F = Non-inter-level travel turns spent in this place divided by the number of levels of this place that you've seen.
                   A       B       C       D       E      F
               +-------+-------+-------+-------+-------+----------------------
         Total | 100.0 | 100.0 |   8.5 |  15.6 |  60.0 | 1243.6
       Dungeon |  24.7 |  23.3 |  13.4 |   8.5 |  67.5 | 1137.2
          Lair |  19.0 |  18.5 |  10.5 |  24.9 |  54.4 | 1804.8
         Swamp |   5.3 |   5.5 |   5.1 |   7.4 |  67.9 | 1075.3
        Shoals |   6.4 |   6.7 |   3.8 |  10.8 |  63.4 | 1304.7
  Orcish Mines |   1.4 |   1.5 |   2.1 |   0.0 |  74.1 | 888.0
        Vaults |   8.9 |   9.0 |   7.5 |   8.8 |  68.3 | 1751.7
Spriggan Forest |   7.6 |   7.9 |   4.4 |   5.5 |  76.1 | 1539.7
         Crypt |   3.2 |   3.4 |   3.2 |   8.1 |  69.5 | 993.5
        Depths |  11.5 |  11.4 |   9.8 |   9.0 |  64.8 | 1327.2
           Zot |   8.2 |   8.5 |   4.8 |  46.8 |  26.3 | 999.0
         Sewer |   1.3 |   1.4 |   0.0 |  46.2 |  19.1 | 812.0
       Ossuary |   0.9 |   1.0 |   0.0 |  17.6 |  29.2 | 568.0
      Ice Cave |   0.5 |   0.5 |   0.0 |  31.9 |  17.4 | 298.0
      Gauntlet |   1.2 |   1.3 |   0.0 |  30.1 |  24.1 | 777.0
               +-------+-------+-------+-------+-------+----------------------

Table legend:
 A = Kills in this place as a percentage of kills in entire the game.
 B = Kills by you in this place as a percentage of kills by you in the entire game.
 C = Kills by friends in this place as a percentage of kills by friends in the entire game.
 D = Other kills in this place as a percentage of other kills in the entire game.
 E = Experience gained in this place as a percentage of experience gained in the entire game.
 F = Experience gained in this place divided by the number of levels of this place that you have seen.
                   A       B       C       D       E      F
               +-------+-------+-------+-------+-------+----------------------
         Total | 100.0 | 100.0 | 100.0 | 100.0 | 100.0 | 35253.5
       Dungeon |  18.1 |  18.4 |   0.0 |   0.0 |   3.4 | 4663.2
          Lair |  10.4 |  10.5 |   0.0 |   0.0 |   4.1 | 11230.3
         Swamp |   7.7 |   7.7 |   0.0 |  23.1 |   4.2 | 23234.0
        Shoals |   7.1 |   7.0 |   0.0 |  23.1 |   6.0 | 33396.3
  Orcish Mines |   3.3 |   3.3 |   0.0 |   0.0 |   1.6 | 26753.0
        Vaults |  11.6 |  11.4 |  35.0 |  15.4 |  15.7 | 86472.0
Spriggan Forest |   6.7 |   6.7 |   0.0 |   7.7 |   7.1 | 39306.3
         Crypt |   5.5 |   5.6 |   0.0 |   0.0 |   7.3 | 60298.0
        Depths |  17.9 |  17.4 |  65.0 |  30.8 |  27.0 | 89545.2
           Zot |   7.3 |   7.4 |   0.0 |   0.0 |  23.2 | 76812.0
         Sewer |   1.1 |   1.1 |   0.0 |   0.0 |   0.0 | 235.0
       Ossuary |   2.6 |   2.6 |   0.0 |   0.0 |   0.0 | 279.0
      Ice Cave |   0.4 |   0.5 |   0.0 |   0.0 |   0.2 | 2690.0
      Gauntlet |   0.4 |   0.4 |   0.0 |   0.0 |   0.2 | 4007.0
               +-------+-------+-------+-------+-------+----------------------
